 Dungeon Crawl Stone Soup version 0.24-a0-136-gad582e5 (webtiles) character file.

Game seed: 8765781201565307408

228 Mosper the Slasher (level 6, -2/46 HPs)
             Began as a Human Skald on Feb 28, 2019.
             Slain by a centaur (6 damage)
             ... on level 7 of the Dungeon.
             The game lasted 00:18:02 (3559 turns).

Mosper the Slasher (Human Skald)                    Turns: 3559, Time: 00:18:02

Health: -2/46      AC:  4    Str: 11      XL:     6   Next: 22%
Magic:  6/9        EV: 18    Int: 13 (14) God:
Gold:   158        SH:  0    Dex: 21      Spells: 8/9 levels left

rFire    . . .     SeeInvis .   a - +0 falchion
rCold    . . .     Gourm    .   (no shield)
rNeg     + . .     Faith    .   b - +0 leather armour
rPois    +         Spirit   .   (no helmet)
rElec    .         Reflect  .   (no cloak)
rCorr    .         Harm     .   l - +0 pair of gloves
MR       .....     Rnd*Rage +   (no boots)
Stlth    +++.......             (no amulet)
HPRegen  0.15/turn              h - ring of positive energy
MPRegen  0.11/turn              k - ring of wizardry

@: agile, infused
A: agile 1, berserk 1, poison resistance
a: no special abilities


You were on level 7 of the Dungeon.
You were not hungry.

You visited 1 branch of the dungeon, and saw 7 of its levels.

You collected 158 gold pieces.

Inventory:

Hand Weapons
 a - a +0 falchion (weapon)
Armour
 b - a +0 leather armour (worn)
 l - a +0 pair of gloves (worn)
Jewellery
 h - a ring of positive energy (left hand)
 k - a ring of wizardry (right hand)
Wands
 r - a wand of polymorph (5)
Scrolls
 g - 2 scrolls of amnesia
 i - a scroll of noise {unknown}
 j - a scroll of magic mapping {unknown}
 o - a scroll of remove curse
 p - a scroll of teleportation {unknown}
 q - a scroll of enchant armour {unknown}
 v - a scroll of identify
Potions
 c - a potion of cancellation {unknown}
 e - 2 potions of lignification
 f - a potion of degeneration
 m - a potion of might {unknown}
 n - a potion of brilliance
 u - a potion of mutation
 w - a potion of flight
Comestibles
 d - 4 rations
 s - 3 chunks of flesh


   Skills:
 + Level 2.9 Fighting
 + Level 3.7 Long Blades
 + Level 2.4 Armour
 + Level 2.9 Dodging
 + Level 0.5 Stealth
   Level 0.1 Shields
 + Level 2.2 Spellcasting
 + Level 3.5 Charms


You had 8 spell levels left.
You knew the following spells:

 Your Spells              Type           Power        Failure   Level  Hunger
a - Infusion              Chrm           ##..         3%          1    ##.....

Your spell library contained the following spells:

 Spells                   Type           Power        Failure   Level  Hunger
 Song of Slaying          Chrm           ##......     4%          2    ###....
 Shroud of Golubria       Chrm/Tloc      #.........   10%         2    ###....
 Regeneration             Chrm/Necr      #.........   19%         3    ####...
 Spectral Weapon          Hex/Chrm       #.......     19%         3    ####...


Dungeon Overview and Level Annotations

Branches:
Dungeon (7/15)
 Temple: D:4-7

Altars:
Trog


Innate Abilities, Weirdness & Mutations

You are agile. (Dex +2)
You tend to lose your temper in combat.
Your system is resistant to poisons. (rPois)


Message History

The hound is almost dead.
The centaur hits you.
Casting: Infusion (safe; 3% risk of failure)
Confirm with . or Enter, or press ? or * to list all spells.
You begin infusing your attacks with magical energy.
The hound bites you. The centaur barely misses you. The hound misses you.
You hit the centaur.
The centaur is heavily wounded.
The centaur hits you! The hound bites you.
* * * LOW HITPOINT WARNING * * *
The centaur hits you!
* * * LOW HITPOINT WARNING * * *
The hound closely misses you.
You feel agile all of a sudden. The centaur barely misses you.
The hound bites you.
* * * LOW HITPOINT WARNING * * *
You hit the centaur.
The centaur is severely wounded.
The centaur hits you.
You die...

####......(.
../.......#
#.........#
#.........#
#.........###
#............
#....h....#
#....@c...#
#.#####...# #
..# ... ...
.# .


You could see a centaur and a hound.

Vanquished Creatures
  A hound (D:4)
  Jessica (D:2)
  An iguana (D:3)
  A gnoll (D:1)
  6 adders
  2 adder skeletons (D:4)
  A worm (D:2)
  3 dart slugs
  4 leopard geckos (D:2)
  5 orcs
  5 giant cockroaches
  8 hobgoblins
  2 quokkas
  5 bats
  5 frilled lizards
  6 goblins
  2 kobolds (D:2)
  9 rats
67 creatures vanquished.

Notes
Turn   | Place    | Note
-------+----------+-------------------------------------------
     0 | D:1      | Mosper the Human Skald began the quest for the Orb.
     0 | D:1      | Reached XP level 1. HP: 16/16 MP: 3/3
    95 | D:1      | Reached XP level 2. HP: 15/22 MP: 5/5
   396 | D:1      | Reached XP level 3. HP: 27/27 MP: 3/6
  1079 | D:2      | Reached XP level 4. HP: 33/34 MP: 7/7
  1188 | D:2      | Noticed Jessica
  1239 | D:2      | Killed Jessica
  1411 | D:2      | Reached XP level 5. HP: 37/39 MP: 8/8
  3065 | D:4      | Reached XP level 6. HP: 28/46 MP: 9/9
  3392 | D:4      | Gained mutation: You tend to lose your temper in combat.
                  | [potion of mutation]
  3392 | D:4      | Gained mutation: Your system is resistant to poisons.
                  | (rPois) [potion of mutation]
  3392 | D:4      | Gained mutation: You are agile. (Dex +2) [potion of
                  | mutation]
  3407 | D:5      | Entered Level 5 of the Dungeon
  3418 | D:5      | Found a bloodstained altar of Trog.
  3559 | D:7      | Slain by a centaur

Levels and vault maps discovered:
D:1:      minmay_arrival_open_corners, layout_basic, minmay_bisected
D:2:      layout_loops_ring, chequers_serial_rivers_micro_c, minmay_hedge_maze,
          uniq_jessica
D:3:      layout_loops_corners, first_ration, minmay_door_square
D:4:      layout_cave_pods, minmay_temple_entry_statues, minmay_misc_feat_five,
          minmay_quantized
D:5:      layout_basic, lemuel_doored_altar, serial_shops, shop,
          minmay_gold_behind_fungi
D:6:      layout_basic, kennysheep_mini
D:7:      layout_basic, gammafunk_temple_overflow_forgotten,
          lemuel_coloured_pillars_altar

Skill      XL: |  1  2  3  4  5 |
---------------+----------------+-----
Long Blades    | 3 |  3.7
Armour         | 2 |  2.4
Fighting       | |  2.9
Dodging        | |  2.9
Stealth        | |  0.5
Shields        | |  0.1
Spellcasting   | |  2.2
Charms         | |  3.5

Action                   |  1- 3 |  4- 6 || total
-------------------------+-------+-------++-------
Melee: Falchion          |    80 |   224 ||   304
 Cast: Infusion          |     2 |     9 ||    11
  Use: Scroll            |     2 |     2 ||     4
       Potion            |     1 |     7 ||     8
  Eat: Chunk             |       |     4 ||     4
       Ration            |       |     2 ||     2
Armor: Leather armour    |    29 |    47 ||    76
Dodge: Dodged            |    67 |   132 ||   199
Block: Shield            |       |    18 ||    18
       Rpst.: Falchion   |    21 |    48 ||    69

Table legend:
 A = Non-vault XP
 B = Vault XP
 C = Vault XP percentage of total XP
 D = Non-vault monster count
 E = Vault monster count
 F = Vault count percentage of total count
                 A         B        C        D         E       F
            +---------+---------+-------+---------+---------+-------
      Total |     286 |      40 |  12.3 |      64 |       3 |   4.5
            +---------+---------+-------+---------+---------+-------
        D:1 |      35 |       3 |   7.9 |      15 |       2 |  11.8
        D:2 |     100 |      37 |  27.0 |      27 |       1 |   3.6
        D:3 |      77 |       0 |   0.0 |      14 |       0 |   0.0
        D:4 |      74 |       0 |   0.0 |       8 |       0 |   0.0
            +---------+---------+-------+---------+---------+-------
